 Dungeon Crawl Stone Soup version 0.31-a0-1156-g12f98b2 (webtiles) character file.

Game seed: 6123935965979389470

3317 PidgeyThePirate the Zephyrmancer (level 10, -9/54 HPs)
             Began as a Tengu Air Elementalist on Dec 7, 2023.
             Was an Initiate of Ashenzari.
             Mangled by an unseen horror simulacrum (17 damage)
             ... on level 7 of the Dungeon.
             The game lasted 00:28:03 (8291 turns).

PidgeyThePirate the Zephyrmancer (TeAE)             Turns: 8291, Time: 00:28:03

Health: -9/54      AC:  6    Str: 16    XL:     10   Next: 1%
Magic:  20/22      EV: 18    Int: 18    God:    Ashenzari [......]
Gold:   327        SH:  0    Dex: 15    Spells: 14/24 levels left

rFire   + . .        e - staff of Desmomancy (curse) {rElec Air, Fort, Melee} (curse)
rCold   . . .        (no shield)
rNeg    . . .        h - +0 leather armour
rPois   .            (helmet restricted)
rElec   +            J - +0 cloak
rCorr   .            z - +1 pair of gloves
SInv    .            (boots unavailable)
Will    .....        (no amulet)
Stlth   ++           q - ring of protection from fire
HPRegen 0.29/turn    r - +6 ring of strength
MPRegen 0.18/turn

%: acrobat
@: swift, flying, very quick
A: beak, talons 3, evasive flight, acrobatic
a: Renounce Religion, Curse Item, Shatter the Chains


You were on level 7 of the Dungeon.
You worshipped Ashenzari.
Ashenzari was noncommittal.
You visited 2 branches of the dungeon, and saw 8 of its levels.
You also visited: Sewer and Ossuary.

You collected 327 gold pieces.

Inventory:

Hand Weapons
 d - a +0 quarterstaff
 K - a +2 quarterstaff of chaos
Armour
 a - a +0 robe
 h - a +0 leather armour (worn)
 n - a +0 helmet
 x - a +0 pair of gloves
 z - a +1 pair of gloves (worn)
 J - a +0 cloak (worn)
Magical Staves
 e - the cursed staff of Desmomancy (weapon) {rElec Air, Fort, Melee}
   (You found it on level 1 of the Dungeon)

   [staff of air]

   Base accuracy: +5 Base damage: 5 Base attack delay: 1.2 This weapon's minimum
   attack delay (0.6) is reached at skill level 12.
   rElec:     It insulates you from electricity.
   Air:       It increases the power of your Air spells.
   It falls into the 'Staves' category.
   It is a one-handed weapon.
   It has a curse which improves the following skills: Fortitude: Armour and
   Shields.
   Melee Combat: Short Blades, Long Blades, Axes, Maces & Flails, Polearms,
   Staves and Unarmed Combat.
Jewellery
 q - a ring of protection from fire (left hand)
 r - a +6 ring of strength (right hand)
Wands
 D - a wand of mindburst (6)
 E - a wand of flame (35)
Scrolls
 c - a scroll of revelation {unknown}
 i - 2 scrolls of teleportation
 k - a scroll of brand weapon {unknown}
 l - a scroll of enchant armour {unknown}
 p - 2 scrolls of silence {unknown}
 t - a scroll of enchant weapon {unknown}
 y - a scroll of fear {unknown}
 A - a scroll of immolation {unknown}
 B - 3 scrolls of identify
 F - 2 scrolls of fog {unknown}
 H - a scroll of amnesia {unknown}
 I - a scroll of noise {unknown}
Potions
 b - 3 potions of degeneration {unknown}
 f - 7 potions of curing
 g - 2 potions of ambrosia {unknown}
 j - 2 potions of cancellation {unknown}
 m - 6 potions of haste {unknown}
 o - 3 potions of might
 s - 3 potions of lignification
 u - 4 potions of heal wounds {unknown}
 v - a potion of invisibility {unknown}
 w - a potion of mutation {unknown}
 C - 4 potions of attraction {unknown}
 G - a potion of enlightenment {unknown}


   Skills:
 + Level 2.6 Fighting
 * Level 4.1(4.5) Staves
 + Level 3.3(3.6) Armour
 + Level 5.2 Dodging
 + Level 3.4 Stealth
 + Level 7.7 Spellcasting
 + Level 5.9 Conjurations
 + Level 9.4 Air Magic


You had 14 spell levels left.
You knew the following spells:

 Your Spells              Type           Power      Damage    Failure   Level
a - Shock                 Conj/Air       100%       1d9       1%          1
b - Static Discharge      Conj/Air       100%       3-8/arc   1%          2
c - Airstrike             Air            28%        2d(5-21)  2%          4
d - Swiftness             Air            57%        N/A       1%          3

Your spell library contained the following spells:

 Spells                   Type           Power      Damage    Failure   Level
 Poisonous Vapours        Pois/Air       70%        N/A       2%          2
 Hailstorm                Conj/Ice       17%        3d6       11%         3
 Sting                    Tmut/Pois      24%        1d4       12%         1
 Ozocubu's Armour         Ice            6%         N/A       34%         3
 Silence                  Hex/Air        17%        N/A       43%         5
 Manifold Assault         Tloc           6%         N/A       75%         4
 Olgreb's Toxic Radiance  Pois           6%         N/A       75%         4
 Summon Ice Beast         Ice/Summ       6%         N/A       75%         4
 Summon Mana Viper        Hex/Summ       6%         N/A       97%         5
 Dispersal                Tloc           3%         N/A       100%        6
 Monstrous Menagerie      Summ           3%         N/A       100%        7
 Summon Hydra             Summ           3%         N/A       100%        7
 Disjunction              Tloc           3%         N/A       100%        8


Dungeon Overview and Level Annotations

Branches:
Dungeon (7/15)             Temple (1/1) D:5           Sewer (visited)
Ossuary (visited)

Altars:
Ashenzari
Cheibriados
Dithmenos
Fedhas
Hepliaklqana
Makhleb
Nemelex Xobeh
Okawaru
Qazlal
Sif Muna
Trog
Uskayaw
Vehumet
Zin
The Shining One

Annotations:
D:7 wqsa789's ghost, novice DEFE


Innate Abilities, Weirdness & Mutations

You have a beak for a mouth.
You have claws for feet.
Your magical flight helps you evade attacks. (EV +4)
You can magically evade attacks while moving or waiting.


Message History

You start putting on your armour.
You continue putting on your +0 cloak. x4
You finish putting on your +0 cloak.
K - a +2 quarterstaff of chaos Unknown command.
There are no items here.
You see here a +0 hammer.
You see here a +0 hammer.
You see here a +0 hammer.
You see here a +0 hammer.
You see here a +0 hammer.
You see here a +1 helmet.
There is a stone staircase leading down here.
Casting: Static Discharge (safe; 1% risk of failure)
Confirm with . or Enter, or press ? or * to list all spells.
You feel a surge of power!
You feel quick.
You reach down and open the gate.
The unseen horror simulacrum barely misses you.
The unseen horror simulacrum hits you but does no damage.
The unseen horror simulacrum closely misses you.
The unseen horror simulacrum attacks as it pursues you!
The unseen horror simulacrum hits you.
The unseen horror simulacrum freezes you!
The unseen horror simulacrum completely misses you.
The unseen horror simulacrum misses you.
The unseen horror simulacrum hits you but does no damage.
The unseen horror simulacrum completely misses you.
The unseen horror simulacrum barely misses you.
The unseen horror simulacrum completely misses you.
The unseen horror simulacrum attacks as it pursues you!
The unseen horror simulacrum closely misses you.
The unseen horror simulacrum hits you.
The unseen horror simulacrum freezes you!
* * * LOW HITPOINT WARNING * * *
The unseen horror simulacrum completely misses you. x3
There is a stone staircase leading down here.
The unseen horror simulacrum barely misses you.
The unseen horror simulacrum hits you.
* * * LOW HITPOINT WARNING * * *
The unseen horror simulacrum freezes you!
You die...

##### #..###'''###
#...#.....#
#######...#..ZW.#
###.........###.###
....#.†.....##..#
...##...[...##Z####
...#####†.........#
...# #.......ZZ.#
...# #)#......@.#
...#####.#........#
.........#........#
.##.#.#...........#
##..#.###.........#
......8.#.###.#####
.......##.###.#
........#.##..#
.#.#+####.##.####


You could see 2 unseen horror simulacra and a howler monkey zombie.

Vanquished Creatures
  The ghost of Agrajag the Skirmisher, a novice BaHu (D:5)
  A hornet (D:7)
  Pargi (Sewer)
  Duvessa (D:6)
  A black bear (D:6)
  A centaur (D:6)
  An ogre (D:5)
  A phantom (D:4)
  A brain worm (Sewer)
  A bullfrog (D:7)
  2 scorpions
  3 elf skeletons (D:7)
  5 water moccasin zombies (Ossuary)
  Dowan (D:6)
  7 wights (D:7)
  3 howler monkeys (D:7)
  5 hounds
  3 orc priests
  Crazy Yiuf (D:7)
  2 jellies
  Jessica (D:2)
  3 iguanas
  A sleepcap (D:4)
  2 human skeletons (D:7)
  3 orc wizards (D:6)
  A scorpion zombie (D:4)
  A bullfrog simulacrum (Ossuary)
  2 crocodile zombies (Ossuary)
  A hound zombie (D:4)
  A hound skeleton (D:4)
  2 mummies (Ossuary)
  9 adders
  A shadow imp (D:7)
  2 white imps (D:7)
  6 ufetubi
  8 adder zombies
  2 worms (D:3)
  A dart slug (D:1)
  12 orcs
  6 endoplasms
  3 giant cockroaches
  4 goblins
  3 hobgoblins
  3 jackals (D:5)
  4 kobolds
  4 quokkas
  7 ball pythons
  A bat (D:3)
  12 frilled lizards
  5 gnoll zombies (Ossuary)
  A hobgoblin zombie (Ossuary)
  5 kobold zombies (Ossuary)
  An orc skeleton (D:7)
  5 orc zombies (Ossuary)
  5 rats
170 creatures vanquished.

Notes
Turn   | Place    | Note
-------+----------+-------------------------------------------
     0 | D:1      | PidgeyThePirate the Tengu Air Elementalist began the quest
                  | for the Orb.
     0 | D:1      | Reached XP level 1. HP: 10/10 MP: 4/4
   280 | D:1      | Found a faded altar of an unknown god.
   515 | D:1      | Reached XP level 2. HP: 15/15 MP: 3/6
  1220 | D:2      | Noticed Jessica
  1224 | D:2      | Killed Jessica
  1225 | D:2      | Reached XP level 3. HP: 19/19 MP: 4/7
  1229 | D:2      | Learned a level 2 spell: Static Discharge
  1309 | D:2      | Found a glowing golden altar of the Shining One.
  1657 | D:2      | Reached XP level 4. HP: 21/24 MP: 4/9
  2284 | D:3      | Identified the +2 sling "Qutautz" {antimagic, Str+5}
  2703 | D:3      | Reached XP level 5. HP: 15/28 MP: 3/11
  2706 | D:3      | Reached skill level 5 in Air Magic
  2814 | D:3      | Reached skill level 1 in Armour
  2935 | D:3      | Learned a level 4 spell: Airstrike
  3322 | D:4      | Reached skill level 1 in Fighting
  3322 | D:4      | Reached XP level 6. HP: 34/34 MP: 6/12
  3595 | D:4      | Found a sparkling altar of Nemelex Xobeh.
  3721 | D:4      | Reached skill level 1 in Staves
  4152 | D:5      | Entered Level 5 of the Dungeon
  4186 | D:5      | Found a staircase to the Ecumenical Temple.
  4214 | D:5      | Noticed Agrajag's ghost (novice BaHu)
  4215 | D:5      | Found a runed translucent door.
  4236 | D:5      | Gained mutation: Your magical flight helps you evade
                  | attacks. (EV +4) [Tengu growth]
  4236 | D:5      | Reached XP level 7. HP: 13/38 MP: 10/14
  4289 | D:5      | Reached skill level 6 in Air Magic
  4316 | D:5      | Got Puushrex's Vellum of Graupel
  4456 | D:5      | Found a glowing drain.
  4485 | Sewer    | Entered a sewer
  4538 | Sewer    | Noticed Pargi
  4542 | Sewer    | Killed Pargi
  5101 | D:5      | Reached skill level 5 in Spellcasting
  5199 | Temple   | Entered the Ecumenical Temple
  5215 | Temple   | Became a worshipper of Ashenzari the Shackled
  5273 | D:5      | Learned a level 3 spell: Swiftness
  5349 | D:5      | Killed Agrajag's ghost
  5350 | D:5      | Reached skill level 7 in Air Magic
  5350 | D:5      | Reached XP level 8. HP: 29/44 MP: 7/17
  5651 | D:6      | Reached skill level 8 in Air Magic
  6345 | D:6      | Got the Papyrus of the Assistive Sphinx
  6359 | D:6      | Noticed Dowan
  6361 | D:6      | Noticed Duvessa
  6366 | D:6      | Killed Duvessa
  6367 | D:6      | Reached XP level 9. HP: 48/48 MP: 3/19
  6367 | D:6      | Killed Dowan
  6951 | D:7      | Noticed wqsa789's ghost (novice DEFE)
  6952 | D:7      | Found a runed translucent gate.
  6952 | D:7      | Found a runed translucent gate.
  6952 | D:7      | Found a runed translucent gate.
  6979 | D:7      | Identified the +7 hammer "Veza Say" {freeze, rCorr Str-2
                  | Int+3 Dex+2}
  7079 | D:7      | Reached skill level 9 in Air Magic
  7084 | D:7      | Noticed a hornet
  7091 | D:7      | Killed a hornet
  7134 | D:7      | Found a sand-covered staircase.
  7143 | Ossuary  | Entered an ossuary
  7247 | Ossuary  | Reached skill level 5 in Dodging
  7347 | Ossuary  | Reached skill level 5 in Conjurations
  8134 | D:7      | Reached XP level 10. HP: 51/54 MP: 12/22
  8214 | D:7      | Found a runed translucent door.
  8215 | D:7      | Noticed Crazy Yiuf
  8221 | D:7      | Killed Crazy Yiuf
  8291 | D:7      | Mangled by an unseen horror simulacrum

Illustrated notes

Levels and vault maps discovered:
D:1:      doesnt_arrival_eight_statues, layout_loops_corners,
          basic_ecumenical_altar, serial_forest, infiniplex_forest_straight_3,
          infiniplex_forest_straight_1, infiniplex_forest_pool,
          infiniplex_forest_lined_3_way, infiniplex_forest_lined_2,
          infiniplex_forest_clump_medium, infiniplex_forest_straight_4,
          roderic_lattice_a
D:2:      layout_basic, basic_altar, kennysheep_big_empty_room, uniq_jessica
D:3:      layout_basic
D:4:      layout_gridville, mainiacjoe_overflow_six_doors_small, serial_undead,
          serial_undead_a, serial_undead_c, serial_undead_e, serial_undead_f,
          hex_medium
D:5:      layout_basic, minmay_temple_entry_gardened_gates,
          portal_sewer_entry_f, hellmonk_ghost_happy_afterlife,
          serial_library_regret_index_small_wings
D:6:      layout_basic, serial_bayou_pond_e, uniq_duvessa
D:7:      hellmonk_crumbling_castle, layout_rooms,
          nicolae_ossuary_entry_catacombs, gammafunk_ghost_necromancy,
          uniq_crazy_yiuf_cottage
Temple:   dshaligram_water_room_temple

Skill      XL: |  1  2  3  4  5  6  7  8  9 |
---------------+----------------------------+-----
Conjurations   | 2 3 4 5 |  5.9
Spellcasting   | 3 4 5 6 7 |  7.7
Air Magic      | 5 7 8 9 |  9.4
Armour         | 1 2 3 |  3.3
Fighting       | 1 2 |  2.6
Staves         | 2 3 4 |  4.1
Dodging        | 3 5 |  5.2
Stealth        | 3 |  3.4

Action                     |  1- 3 |  4- 6 |  7- 9 | 10-12 || total
---------------------------+-------+-------+-------+-------++-------
  Melee: Staff             |    11 |    22 |   173 |       ||   206
         Kick              |     4 |     6 |    57 |       ||    67
         Quarterstaff      |     2 |       |       |       ||     2
         Peck              |     2 |     2 |    20 |       ||    24
   Cast: Shock             |    27 |    94 |    33 |       ||   154
         Static Discharge  |     2 |     6 |    60 |     2 ||    70
         Airstrike         |       |     2 |    23 |       ||    25
         Swiftness         |       |       |     2 |     1 ||     3
 Invoke: Curse Item        |       |       |     1 |       ||     1
    Use: Scroll            |       |       |     4 |       ||     4
         Potion            |       |       |     4 |       ||     4
   Stab: Sleeping          |     2 |       |     3 |       ||     5
 Armour: Robe              |     6 |       |       |       ||     6
         Leather armour    |     5 |    24 |   200 |     8 ||   237
  Dodge: Dodged            |     8 |    30 |   266 |    14 ||   318

Table legend: (Time is in decaauts)
 A = Elapsed time spent in this place.
 B = Non-inter-level travel time spent in this place.
 C = Inter-level travel time spent in this place.
 D = Time resting spent in this place.
 E = Time spent auto-exploring this place.
 F = Levels seen in this place.
 G = Mean time per level.
                   A        B        C        D        E       F      G
               +--------+--------+--------+--------+--------+-----+--------+
         Total |   8299 |   7705 |    594 |      0 |   6144 |  10 |  829.9 |
       Dungeon |   7546 |   6980 |    566 |      0 |   5712 |   7 | 1078.0 |
        Temple |     32 |      4 |     28 |      0 |      0 |   1 |   32.0 |
         Sewer |    282 |    282 |      0 |      0 |    100 |   1 |  282.0 |
       Ossuary |    438 |    438 |      0 |      0 |    332 |   1 |  438.0 |
               +--------+--------+--------+--------+--------+-----+--------+

Top non-repeatable levels by time:
     D:6: 1430 daAuts
     D:1: 1222 daAuts
     D:2: 1037 daAuts
     D:3: 1007 daAuts
     D:5: 981 daAuts
     D:7: 975 daAuts
     D:4: 891 daAuts
 Ossuary: 438 daAuts
   Sewer: 282 daAuts
  Temple: 32 daAuts
